 Dungeon Crawl Stone Soup version 0.29-a0-817-g9904bce7a6 (webtiles) character file.

Game seed: 3539787927145450193

25 nicolae the Changer (level 2, -1/31 HPs)
             Began as a Demonspawn Transmuter on July 5, 2022.
             Succumbed to a goblin's poison
             ... on level 2 of the Dungeon.
             The game lasted 00:01:32 (1272 turns).

nicolae the Changer (Demonspawn Transmuter)         Turns: 1272, Time: 00:01:32

Health: -1/31      AC: 21    Str: 10    XL:     2   Next: 86%
Magic:  5/5        EV:  2    Int: 14    God:
Gold:   100        SH:  0    Dex: 13    Spells: 2/5 levels left

rFire   . . .      SeeInvis .     - Unarmed
rCold   . . .      Faith    .   (no shield)
rNeg    . . .      Spirit   .   (body armour currently unavailable)
rPois   +          Reflect  .   (helmet currently unavailable)
rElec   .          Harm     .   (cloak currently unavailable)
rCorr   .          Rampage  .   (gloves currently unavailable)
Will    .....      NoTele   +   (boots currently unavailable)
Stlth   +.........              (no amulet)
HPRegen 0.10/turn               (no ring)
MPRegen 0.09/turn               (no ring)

@: lethally poisoned (-1 -> -10), tree-form
A: stationary, stasis, torment immunity, boosted hp, powered by pain 1
a: no special abilities


You were on level 2 of the Dungeon.
You were a tree.
You visited 1 branch of the dungeon, and saw 2 of its levels.

You collected 100 gold pieces.

Inventory:

Missiles
 e - 4 poisoned darts
Armour
 a - a +0 robe (melded)
 k - a +2 helmet (melded)
Scrolls
 c - a scroll of torment {unknown}
 d - a scroll of magic mapping {unknown}
 f - a scroll of teleportation {unknown}
 g - a scroll of fog {unknown}
 h - a scroll of enchant armour {unknown}
 j - a scroll of enchant weapon {unknown}


   Skills:
 - Level 1.0 Fighting
 - Level 1.7 Dodging
 - Level 2.6 Unarmed Combat
 - Level 2.0 Spellcasting
 + Level 3.1 Transmutations


You had 2 spell levels left.
You knew the following spells:

 Your Spells              Type           Power      Damage    Failure   Level
a - Beastly Appendage     Tmut           20%        N/A       7%          1
b - Wereblood             Tmut           10%        N/A       10%         2

Your spell library contained the following spells:

 Spells                   Type           Power      Damage    Failure   Level
 Spider Form              Tmut/Pois      5%         N/A       36%         3
 Ice Form                 Ice/Tmut       5%         N/A       77%         4


Dungeon Overview and Level Annotations

Branches:
Dungeon (2/15)

Altars:


Innate Abilities, Weirdness & Mutations

You are a tree.
Your roots penetrate the ground, keeping you stationary.
You cannot be teleported.
You are immune to unholy pain and torment.
Your maximum health is greatly increased.
Your equipment is partially melded.
You sometimes gain a little power by taking damage.


Message History

The goblin attacks as you move away! The goblin hits you with a +0 club.
You feel sick.
You hit the goblin.
You kill the goblin!
You feel sick.
You hit the goblin. Your headbutt misses the goblin.
The goblin is heavily wounded.
You feel sick.
The goblin hits you with a +1 dagger of venom.
You are lethally poisoned!
You closely miss the goblin.
The goblin is heavily wounded.
You feel sick.
The goblin hits you with a +1 dagger of venom.
You are more poisoned.
Really quaff the potion of lignification?
Your horns disappear.
Your talons disappear.
Your +2 helmet unmelds from your body.
You turn into a tree.
Your +2 helmet melds into your body.
Your +0 robe melds into your body.
Your roots penetrate the ground.
* * * LOW HITPOINT WARNING * * *
You feel very sick. The goblin hits you but does no damage.
You hit the goblin.
The goblin is severely wounded.
* * * LOW HITPOINT WARNING * * *
You feel very sick. The goblin hits you but does no damage.
You hit the goblin.
You kill the goblin!
* * * LOW HITPOINT WARNING * * *
You feel sick.
There is a lethal amount of poison in your body!
Okay, then.
You aren't carrying any potions.
There is a lethal amount of poison in your body!
There is a lethal amount of poison in your body!
There is a lethal amount of poison in your body!
There is a lethal amount of poison in your body!
You die...

. .. #.... #. #.
.....#.... #.. #.
..##.#.... ##..##.
#.##.#.... .......##
#.##.#.... ........#
#.##.##... ......).##
#.##.##... .......).#
#####.##.##...
.......#♣###...........#.
.......#..##.###.##.####.
.......##.##.# #.##.# #.
....... #..#.# #.##.# #†
.......###.#.###.##.# #.
.......#.....#....#.# #.
..............#..##.# #.
##.#.##.#.#..##.# #. # #.
#...#.....# #.


There were no monsters in sight!

Vanquished Creatures
  An adder (D:2)
  2 ball pythons
  2 hobgoblins
  A quokka (D:1)
  A frilled lizard (D:1)
  4 goblins
  3 kobolds
  A rat (D:1)
15 creatures vanquished.

Notes
Turn   | Place    | Note
-------+----------+-------------------------------------------
     0 | D:1      | nicolae the Demonspawn Transmuter began the quest for the
                  | Orb.
     0 | D:1      | Reached XP level 1. HP: 15/15 MP: 3/3
   117 | D:1      | Reached skill level 2 in Transmutations
   472 | D:1      | Found a faded altar of an unknown god.
   752 | D:1      | Gained mutation: You sometimes gain a little power by
                  | taking damage. [demonic ancestry]
   752 | D:1      | Reached XP level 2. HP: 19/21 MP: 3/5
   755 | D:1      | Learned a level 2 spell: Wereblood
  1224 | D:2      | Reached skill level 3 in Transmutations
  1271 | D:2      | HP: 1/31 [poisoned by a goblin]
  1272 | D:2      | Succumbed to a goblin's poison

Illustrated notes

Levels and vault maps discovered:
D:1:      erik_arrival_triangle_small, layout_basic,
          shapermc_ecumenical_altar_hornbeckon, minmay_unequal
D:2:      layout_basic

Skill      XL: |  1  2 |
---------------+-------+-----
Transmutations | 2 3 |  3.1
Fighting       | |  1.0
Dodging        | |  1.7
Unarmed Combat | |  2.6
Spellcasting   | |  2.0

Action                   || total
-------------------------++-------
Melee: Unarmed           ||    50
       Headbutt          ||     7
       Kick              ||    10
 Cast: Beastly Appendage ||    11
  Use: Potion            ||     3
Armor: Robe              ||    14
       Skin              ||     2
Dodge: Dodged            ||    37

Table legend: (Time is in decaauts)
 A = Elapsed time spent in this place.
 B = Non-inter-level travel time spent in this place.
 C = Inter-level travel time spent in this place.
 D = Time resting spent in this place.
 E = Time spent auto-exploring this place.
 F = Levels seen in this place.
 G = Mean time per level.
                   A        B        C        D        E       F      G
               +--------+--------+--------+--------+--------+-----+--------+
         Total |   1276 |   1270 |      6 |    355 |    771 |   2 |  638.0 |
       Dungeon |   1276 |   1270 |      6 |    355 |    771 |   2 |  638.0 |
               +--------+--------+--------+--------+--------+-----+--------+

Top non-repeatable levels by time:
     D:1: 892 daAuts
     D:2: 384 daAuts
